 Dungeon Crawl Stone Soup version 0.30-a0-672-gc3a7216ad8 (webtiles) character file.

Game seed: 7469187635963290118

1390 sokol815 the Geomancer (level 8, -14/48 HPs)
             Began as an Octopode Earth Elementalist on Jan 18, 2023.
             Demolished by an orc warrior
             ... wielding a +0 halberd
              (17 damage)
             ... on level 5 of the Dungeon.
             The game lasted 00:10:30 (4028 turns).

sokol815 the Geomancer (OpEE)                       Turns: 4028, Time: 00:10:31

Health: -14/48     AC:  1    Str: 14    XL:     8   Next: 68%
Magic:  11/14      EV: 13    Int: 19    God:
Gold:   277        SH:  0    Dex: 12    Spells: 11/15 levels left

rFire   . . .      SeeInvis .    a - +1 short sword (speed)
rCold   + . .      Faith    .    (no shield)
rNeg    . . .      Spirit   .    (helmet restricted)
rPois   .          Reflect  .    f - amulet of regeneration
rElec   .          Harm     .    F - ring of protection from fire {rF+, !d}
rCorr   .          Rampage  .    j - +6 ring of strength
Will    .....                    c - ring of ice {rC+, rF-}
Stlth   +++                      (no ring)
HPRegen 1.08/turn                (no ring)
MPRegen 0.14/turn                (no ring)
                                 (no ring)
                                 (no ring)

@: about to teleport
A: almost no armour, amphibious, 8 rings, camouflage 1, gelatinous body 1,
(nimble swimmer 1), tentacles
a: no special abilities


You were on level 5 of the Dungeon.
You visited 1 branch of the dungeon, and saw 5 of its levels.

You collected 277 gold pieces.

Inventory:

Hand Weapons
 a - a +1 short sword of speed (weapon)
   (You took it off a kobold on level 1 of the Dungeon)
 d - a +0 heavy whip
   (You found it on level 1 of the Dungeon)
 h - a +0 short sword of distortion {!w}
   (You found it on level 4 of the Dungeon)
 n - a +0 dagger of venom
   (You took it off a kobold on level 2 of the Dungeon)
 p - a +1 short sword of venom
   (You took it off a kobold on level 4 of the Dungeon)
Missiles
 i - 6 poisoned darts
 k - 3 silver boomerangs
 m - 3 atropa-tipped darts
 s - 32 stones
Magical Staves
 o - a staff of poison {rPois}
   (You found it on level 1 of the Dungeon)
Jewellery
 c - a ring of ice (on tentacle) {rC+, rF-}
   (You found it on level 3 of the Dungeon)
 f - an amulet of regeneration (around mantle)
   (You found it on level 1 of the Dungeon)
 g - an amulet of reflection
   (You found it on level 1 of the Dungeon)
 j - a +6 ring of strength (right tentacle)
   (You found it on level 2 of the Dungeon)
 F - a ring of protection from fire (left tentacle) {rF+, !d}
   (You found it on level 1 of the Dungeon)
Scrolls
 b - a scroll of enchant armour
 e - a scroll of brand weapon
 l - 2 scrolls of amnesia
 K - a scroll of immolation {!r}
 Y - a scroll of teleportation {@r3}
Potions
 q - 3 potions of might {unknown}
 t - a potion of haste {unknown}
 J - 4 potions of curing {@q1}
 M - a potion of magic
 N - a potion of heal wounds {@q2}


   Skills:
 + Level 1.0 Fighting
 + Level 1.0 Short Blades
 + Level 2.3 Dodging
 + Level 3.3 Stealth
 - Level 4.0 Spellcasting
 + Level 5.3 Conjurations
 - Level 1.0 Transmutations
 - Level 8.0 Earth Magic


You had 11 spell levels left.
You knew the following spells:

 Your Spells              Type           Power      Damage    Failure   Level
a - Sandblast             Erth           68%        2d15      1%          1
x - Stone Arrow           Conj/Erth      58%        3d10      2%          3

Your spell library contained the following spells:

 Spells                   Type           Power      Damage    Failure   Level
 Passwall                 Tmut/Erth      16%        N/A       3%          2
 Ensorcelled Hibernation  Hex/Ice        10%        N/A       21%         2
 Petrify                  Tmut/Erth      20%        N/A       22%         4
 Swiftness                Air            3%         N/A       38%         3
 Lightning Bolt           Conj/Air       7%         1d19      77%         5
 Airstrike                Air            1%         2d(1-17)  80%         4
 Summon Lightning Spire   Summ/Air       3%         N/A       80%         4


Dungeon Overview and Level Annotations

Branches:
Dungeon (5/15) Zot: 25889
 Temple: D:4-7

Altars:
Zin

Shops:
D:2 [   D:4 !

Annotations:
D:3 1 runed translucent door, Crazy Yiuf


Innate Abilities, Weirdness & Mutations

You cannot wear most types of armour.
You are amphibious.
You can wear up to eight rings at the same time.
Your skin changes colour to match your surroundings (Stealth+).
Your rubbery body absorbs attacks. (AC +1, EV +1)
((You are camouflaged when in or above water. (Stealth+)))
You have tentacles for arms and can constrict up to eight enemies at once.


Message History

The blast of sand hits the killer bee!
You feel sick.
The killer bee stings you but does no damage. x3
Aim: a killer bee (almost dead, 67% to hit)
The blast of sand hits the killer bee!!
You kill the killer bee!
You feel sick.
You are no longer poisoned.
The killer bee stings you.
The killer bee stings you but does no damage.
You take 2 damage, and have 61/69 hp.
You now have 10/14 mp.
Aim: a killer bee (67% to hit)
The blast of sand hits the killer bee!
The killer bee stings you but does no damage. x3
You now have 9/14 mp.
Aim: a killer bee (heavily wounded, 67% to hit)
The blast of sand hits the killer bee!
You kill the killer bee!
The killer bee completely misses you. The killer bee stings you.
Your Stealth skill increases to level 3!
You take 1 damage, and have 61/70 hp.
You now have 8/14 mp.
Aim: a killer bee (67% to hit)
The blast of sand hits the killer bee!
You kill the killer bee!
The killer bee stings you but does no damage. x2
You regained 2 hp, and now have 63/70 hp.
You now have 7/14 mp.
Aim: a killer bee (67% to hit)
The blast of sand hits the killer bee!!
You kill the killer bee!
Your Fighting skill increases to level 1!
Your Short Blades skill increases to level 1!
You regained 3 hp, and now have 66/72 hp.
You start resting.
Your transformation is almost over.
You feel less wooden.
You now have 48/48 hp.
You start resting.
MP restored: 14
Things that are here:
a killer bee corpse; a killer bee corpse; a killer bee corpse
Found a stone staircase leading down.
An ice beast comes into view.
The ice beast moves out of view.
An orc warrior comes into view. It is wielding a +0 halberd.
Aim: an orc warrior, wielding a +0 halberd and wearing a +0 chain mail (wandering, hasn't noticed you, 82% to hit)
The blast of sand hits the orc warrior.
The orc warrior shouts!
You hear a shout! x2
You now have 13/14 mp.
You feel more attuned to ice.
c - a ring of ice (on tentacle) {rC+, rF-} An orc comes into view.
It is wielding a +0 whip.
Aim: an orc warrior, wielding a +0 halberd and wearing a +0 chain mail (lightly wounded, 82% to hit)
The blast of sand hits the orc warrior.
You now have 12/14 mp.
Aim: an orc warrior, wielding a +0 halberd and wearing a +0 chain mail (moderately wounded, 82% to hit)
The blast of sand hits the orc warrior but does no damage.
The orc warrior barely misses you.
The orc warrior hits you from afar with a +0 halberd!
You take 11 damage, and have 37/48 hp.
MASSIVE DAMAGE!!
You now have 11/14 mp.
Aim: an orc warrior, wielding a +0 halberd and wearing a +0 chain mail (moderately wounded, 82% to hit)
The blast of sand misses the orc warrior.
The orc warrior hits you from afar with a +0 halberd!
You take 5 damage, and have 32/48 hp.
Aim: an orc warrior, wielding a +0 halberd and wearing a +0 chain mail (moderately wounded, 82% to hit)
The blast of sand hits the ice beast!
The ice beast hits you. The ice beast freezes you. You resist.
The orc warrior closely misses you.
The orc warrior hits you from afar with a +0 halberd!
* * * LOW HITPOINT WARNING * * *
An orc comes into view. It is wielding a +0 dagger.
The ice beast hits you.
* * * LOW HITPOINT WARNING * * *
The ice beast freezes you. You resist.
* * * LOW HITPOINT WARNING * * *
The orc shouts!
You take 29 damage, and have 4/48 hp.
MASSIVE DAMAGE!!
You now have 10/14 mp.
It was a potion of heal wounds.
You feel much better.
N - a potion of heal wounds The ice beast barely misses you.
The orc warrior hits you from afar with a +0 halberd.
You regained 12 hp, and now have 17/48 hp.
The ice beast attacks as you move away! The ice beast hits you.
The ice beast freezes you. You resist.
* * * LOW HITPOINT WARNING * * *
You take 4 damage, and have 13/48 hp.
You aren't carrying any items that you can evoke.
As you read the scroll of teleportation {@r3}, it crumbles to dust.
You feel strangely unstable. The ice beast hits you.
* * * LOW HITPOINT WARNING * * *
The ice beast freezes you! You resist.
* * * LOW HITPOINT WARNING * * *
The orc warrior hits you from afar with a +0 halberd!
You die...

### #@## #.#Y##
##.###o#### ### #.##
##...#
##.#####.###.##.#
#.........#.....#
########....####.####.#
..†..........>.#### Y#
########....##....# #o


You could see an orc warrior and an ice beast.

Vanquished Creatures
  Sigmund (D:3)
  2 black bears (D:4)
  2 ogres
  A centaur (D:5)
  A phantom (D:4)
  5 killer bees (D:5)
  A hound (D:4)
  3 jellies
  A gnoll bouda (D:4)
  Natasha (thrice) (D:3)
  3 orc wizards (D:4)
  5 gnolls (D:4)
  6 adders
  A worm (D:3)
  16 orcs
  6 ball pythons
  9 bats
  7 endoplasms
  5 giant cockroaches
  3 goblins
  2 hobgoblins
  4 jackals (D:1)
  6 kobolds
  3 quokkas
  5 frilled lizards
  8 rats
109 creatures vanquished.

Vanquished Creatures (others)
  2 plants (D:5)
2 creatures vanquished.

Grand Total: 111 creatures vanquished

Notes
Turn   | Place    | Note
-------+----------+-------------------------------------------
     0 | D:1      | sokol815 the Octopode Earth Elementalist began the quest
                  | for the Orb.
     0 | D:1      | Reached XP level 1. HP: 11/11 MP: 3/3
   221 | D:1      | Reached XP level 2. HP: 17/17 MP: 1/5
   523 | D:1      | Reached skill level 4 in Earth Magic
   647 | D:1      | Reached XP level 3. HP: 21/21 MP: 4/6
   753 | D:1      | Learned a level 3 spell: Stone Arrow
   836 | D:2      | Found Pewyps's Armour Shoppe.
   999 | D:2      | Found a faded altar of an unknown god.
  1474 | D:2      | Reached skill level 1 in Conjurations
  1644 | D:2      | Reached XP level 4. HP: 27/27 MP: 3/7
  1801 | D:3      | Noticed Sigmund
  1925 | D:3      | Found a glowing silver altar of Zin.
  2001 | D:3      | Reached skill level 2 in Conjurations
  2057 | D:3      | Killed Sigmund
  2058 | D:3      | Reached skill level 4 in Conjurations
  2058 | D:3      | Reached skill level 5 in Earth Magic
  2058 | D:3      | Reached XP level 5. HP: 18/31 MP: 5/8
  2058 | D:3      | Reached XP level 6. HP: 21/36 MP: 5/9
  2262 | D:3      | Noticed Natasha
  2268 | D:3      | Killed Natasha
  2270 | D:3      | Noticed Natasha
  2275 | D:3      | Killed Natasha
  2295 | D:3      | Noticed Natasha
  2302 | D:3      | Killed Natasha
  2364 | D:3      | Reached skill level 5 in Conjurations
  2410 | D:3      | Found a runed translucent door.
  2411 | D:3      | Noticed Crazy Yiuf
  2656 | D:4      | Noticed a black bear
  2659 | D:4      | Killed a black bear
  2660 | D:4      | Reached skill level 3 in Spellcasting
  2660 | D:4      | Reached XP level 7. HP: 41/41 MP: 6/11
  2832 | D:4      | Reached skill level 4 in Spellcasting
  3215 | D:4      | Reached skill level 6 in Earth Magic
  3374 | D:4      | Reached XP level 8. HP: 41/46 MP: 10/14
  3591 | D:4      | Found Facsiv's Distillery.
  3596 | D:4      | Reached skill level 7 in Earth Magic
  3757 | D:5      | Entered Level 5 of the Dungeon
  3939 | D:5      | Reached skill level 8 in Earth Magic
  3944 | D:5      | Reached skill level 3 in Stealth
  3946 | D:5      | Reached skill level 1 in Fighting
  3946 | D:5      | Reached skill level 1 in Short Blades
  4024 | D:5      | HP: 12/48 [orc warrior/+0 halberd (14)]
  4024 | D:5      | HP: 4/48 [ice beast (3)]
  4028 | D:5      | Demolished by an orc warrior

Illustrated notes

Levels and vault maps discovered:
D:1:      enne_arrival_octagon_isle, layout_rooms
D:2:      layout_loops_ring, serial_shops, shop, serial_aquarium,
          aquarium_bridge_square [aquarium_subvault_wall,
          aquarium_subvault_bridge, aquarium_subvault_wall,
          aquarium_subvault_window], aquarium_window_fake, aquarium_window_fake,
          aquarium_view_2d, aquarium_view_2e, aquarium_balcony_1a,
          aquarium_pool_four, ebering_ecumenical_altar_sacrificial,
          hangedman_decor_diamond_cutter, minmay_misc_feat_roman
D:3:      minmay_spotlight, layout_rooms, nicolae_overflow_crystal_walls,
          uniq_sigmund, uniq_natasha, uniq_crazy_yiuf_cottage
D:4:      layout_gridville, serial_shops, nicolae_shop_advertising_works
          [nicolae_subvault_shop_adworks], st_stairs_4
D:5:      layout_loops_ring, gammafunk_temple_overflow_forgotten,
          minmay_temple_entry_drinking_statues

Skill      XL: |  1  2  3  4  5  6  7  8 |
---------------+-------------------------+-----
Earth Magic    | 4 5 6 8 |  8.0
Conjurations   | 1 4 5 |  5.3
Spellcasting   | 3 4 |  4.0
Stealth        | 3 |  3.3
Fighting       | 1 |  1.0
Short Blades   | 1 |  1.0
Dodging        | |  2.3
Transmutations | |  1.0

Action                   |  1- 3 |  4- 6 |  7- 9 || total
-------------------------+-------+-------+-------++-------
Melee: Short sword       |    20 |     8 |     1 ||    29
       Constrict         |     4 |     4 |     1 ||     9
       Tentacles         |     4 |     2 |     1 ||     7
 Cast: Sandblast         |    46 |    46 |    76 ||   168
  Use: Scroll            |     3 |     3 |     5 ||    11
       Potion            |       |       |     2 ||     2
Armor: Skin              |     3 |     4 |    12 ||    19
Dodge: Dodged            |    14 |    19 |    24 ||    57

Table legend: (Time is in decaauts)
 A = Elapsed time spent in this place.
 B = Non-inter-level travel time spent in this place.
 C = Inter-level travel time spent in this place.
 D = Time resting spent in this place.
 E = Time spent auto-exploring this place.
 F = Levels seen in this place.
 G = Mean time per level.
                   A        B        C        D        E       F      G
               +--------+--------+--------+--------+--------+-----+--------+
         Total |   4109 |   3993 |    116 |    482 |   2750 |   5 |  821.8 |
       Dungeon |   4109 |   3993 |    116 |    482 |   2750 |   5 |  821.8 |
               +--------+--------+--------+--------+--------+-----+--------+

Top non-repeatable levels by time:
     D:2: 1100 daAuts
     D:4: 1093 daAuts
     D:3: 833 daAuts
     D:1: 814 daAuts
     D:5: 267 daAuts

Table legend:
 A = Kills in this place as a percentage of kills in entire the game.
 B = Kills by you in this place as a percentage of kills by you in the entire game.
 C = Kills by friends in this place as a percentage of kills by friends in the entire game.
 D = Other kills in this place as a percentage of other kills in the entire game.
 E = Experience gained in this place as a percentage of experience gained in the entire game.
 F = Experience gained in this place divided by the number of levels of this place that you have seen.
                   A       B       C       D       E      F
               +-------+-------+-------+-------+-------+----------------------
         Total | 100.0 | 100.0 |   N/A |   N/A | 100.0 | 397.4
       Dungeon | 100.0 | 100.0 |   N/A |   N/A | 100.0 | 397.4
               +-------+-------+-------+-------+-------+----------------------
